 Dungeon Crawl Stone Soup version 0.19.0-19-g8c6edcc (console) character file.

3497 Kloppie the Basher (level 9, -2/82 HPs)
             Began as a Green Draconian Berserker on Nov 13, 2016.
             Was a High Priest of Trog.
             Slain by a komodo dragon (30 damage)
             ... on level 8 of the Dungeon.
             The game lasted 00:12:39 (7275 turns).

Kloppie the Basher (Green Draconian Berserker)      Turns: 7275, Time: 00:12:40

Health: -2/82      AC: 10    Str: 21    XL:     9   Next: 80%
Magic:  9/9        EV: 16    Int:  7    God:    Trog [*****.]
Gold:   140        SH:  0    Dex: 13    Spells: 0 memorised, 8 levels left

rFire  . . .     SeeInvis .     a - +4 dire flail (freeze)
rCold  . . .     Gourm    .     (armour unavailable)
rNeg   . . .     Faith    .     (shield currently unavailable)
rPois  +         Spirit   .     (helmet restricted)
rElec  .         Reflect  .     y - +0 cloak
rCorr  .         Harm     .     p - +0 pair of gloves
MR     ++...                    z - +0 pair of boots
Stlth  +.........               (no amulet)
                                (no ring)
                                x - ring of flight

@: short of breath, regenerating
A: breathe noxious fumes, unfitting armour, poison resistance, cold-blooded, AC
+7
a: Breathe Noxious Fumes, Berserk, Trog's Hand, Brothers in Arms, Burn
Spellbooks, Renounce Religion, Evoke Flight


You were on level 8 of the Dungeon.
You worshipped Trog.
Trog was extremely pleased with you.
You were not hungry.

You visited 1 branch of the dungeon, and saw 8 of its levels.
You also visited: Sewer.

You collected 410 gold pieces.
You spent 270 gold pieces at shops.

Inventory:

Hand Weapons
 a - a +4 dire flail of freezing (weapon)
 q - a +0 flail
 r - a +0 mace
 u - a +1 antimagic great mace
Armour
 p - a +0 pair of gloves (worn)
 y - a +0 cloak (worn)
 z - a +0 pair of boots (worn)
Jewellery
 x - a ring of flight (left hand)
Wands
 t - a wand of lightning (9/15)
 A - a wand of polymorph (9/24)
 C - a wand of confusion (48/48)
Scrolls
 d - a scroll of identify
 k - 7 scrolls of remove curse
 m - 5 scrolls of teleportation
 o - 2 scrolls of fear
 w - 2 scrolls of magic mapping
 D - a scroll of holy word
 E - a scroll of silence
Potions
 f - 4 potions of curing
 g - 2 potions of brilliance
 l - a potion of might
 s - 5 potions of flight
 v - a potion of cure mutation
 B - a potion of heal wounds
 F - a potion of haste
Books
 e - a book of Conjurations

   Spells                             Type                      Level
   a - Magic Dart                     Conjuration                  1
   b - Searing Ray                    Conjuration                  2
   c - Dazzling Spray                 Conjuration/Hexes            3
   d - Fulminant Prism                Conjuration/Hexes            4
   e - Iskenderun's Mystic Blast      Conjuration                  4
   f - Iskenderun's Battlesphere      Conjuration/Charms           5
   Trog disapproves of the use of such an item.
Comestibles
 b - 7 bread rations
 c - 3 slices of pizza
 h - 4 fruits
 i - 2 meat rations
 n - a beef jerky


   Skills:
 - Level 8.4 Fighting
 + Level 10.2 Maces & Flails
 - Level 7.2 Dodging


You had 8 spell levels left.
You didn't know any spells.

Dungeon Overview and Level Annotations

Branches:
Dungeon (8/15)             Temple (0/1) D:5
   Lair: D:8-11

Altars:
Ashenzari
Gozag
Kikubaaqudgha
Okawaru
Trog
Vehumet
The Shining One

Shops:
D:4 [   D:6 *   D:8 *


Innate Abilities, Weirdness & Mutations

You can breathe blasts of noxious fumes.
Your lurid green scales are hard. (AC +7)
You cannot fit into any form of body armour.
Your system is resistant to poisons. (rPois)
You are cold-blooded and may be slowed by cold attacks.


Message History

The komodo dragon is heavily wounded.
The komodo dragon is engulfed in noxious fumes.
The komodo dragon appears confused.
You puncture the komodo dragon! You freeze the komodo dragon.
The komodo dragon is severely wounded.
The komodo dragon is no longer moving slowly.
The komodo dragon is engulfed in noxious fumes.
The steam dragon is engulfed in noxious fumes.
The steam dragon appears confused.
The komodo dragon bites the steam dragon!
The komodo dragon bites you!
* * * LOW HITPOINT WARNING * * *
You are too injured to fight recklessly!
You are too injured to fight recklessly!
You hit the komodo dragon. You freeze the komodo dragon.
You tail-slap the komodo dragon, but do no damage.
The komodo dragon is lightly wounded.
The komodo dragon is engulfed in noxious fumes.
The komodo dragon bites you!!
You die...

## ##.### ##....#### ### ##
## .........##... #.###.#
..#.....#..## #######...##
..........#.######
###.##...###..
#..§#..........#.#
#.##..#### ##.
#..##.##.....D..@###....##
## ##. ####.#.###†l..§....##
? ###..####l#.##### ## ###.#
##### #################
####### #...............##
###.#....
#................###........
#..............##.....#....
#.............#.......##...


You could see 2 komodo dragons and a steam dragon (confused).

Vanquished Creatures
  The ghost of Rrauwl the Ruffian, a novice DrMo of Dithmenos (D:5)
  A hornet (D:6)
  A water moccasin (D:5)
  A hornet zombie (D:6)
  A sky beast (D:8)
  An orc warrior (D:6)
  2 ice beasts
  The ghost of Schattenjager the Vexing, an amateur FeEn (D:3)
  3 ogres
  2 centaurs
  2 crocodiles (D:8)
  2 elf skeletons (D:4)
  An elf zombie (D:4)
  3 scorpions
  5 wights (D:6)
  7 hounds
  A gnoll shaman (D:7)
  A centaur zombie (D:7)
  A human zombie (D:4)
  2 orc priests
  5 orc wizards
  Jessica (D:2)
  2 centaur skeletons
  2 iguanas
  Natasha (D:2)
  5 worker ants
  A siren (Sewer)
  A merfolk avatar (Sewer)
  A hound zombie (D:6)
  2 hound skeletons (D:4)
  Robin (D:2)
  11 gnolls
  7 adders
  A river rat (Sewer)
  An adder zombie (D:8)
  5 worms
  11 leopard geckos
  23 orcs
  3 bat zombies (D:3)
  4 giant cockroaches
  11 hobgoblins
  7 jackals
  8 kobolds
  3 quokkas
  7 ball pythons
  7 bats
  10 frilled lizards
  17 goblins
  An orc skeleton (D:4)
  An orc zombie (D:4)
  A quokka skeleton (D:4)
  31 rats
  3 rat zombies (D:3)
234 creatures vanquished.

Vanquished Creatures (others)
  A sky beast (D:8)
1 creature vanquished.

Grand Total: 235 creatures vanquished

Notes
Turn   | Place    | Note
-------+----------+-------------------------------------------
     0 | D:1      | Kloppie the Draconian Berserker began the quest for the Orb.
     0 | D:1      | Reached XP level 1. HP: 19/19 MP: 1/1
   157 | D:1      | Reached XP level 2. HP: 17/26 MP: 2/2
  1085 | D:2      | Noticed Robin
  1089 | D:2      | Reached XP level 3. HP: 21/31 MP: 3/3
  1110 | D:2      | Killed Robin
  1120 | D:2      | Reached ** piety under Trog
  1468 | D:2      | Reached XP level 4. HP: 36/40 MP: 4/4
  1511 | D:2      | Reached skill level 4 in Maces & Flails
  1865 | D:2      | Noticed Natasha
  1867 | D:2      | Noticed Jessica
  1872 | D:2      | Killed Natasha
  1874 | D:2      | Killed Jessica
  1874 | D:2      | Reached XP level 5. HP: 46/46 MP: 5/5
  2246 | D:3      | Found a glowing drain.
  2253 | Sewer    | Entered a sewer
  2552 | Sewer    | Reached *** piety under Trog
  2634 | Sewer    | Reached XP level 6. HP: 49/53 MP: 6/6
  2962 | D:3      | Noticed Schattenjager's ghost (amateur FeEn)
  2976 | D:3      | Killed Schattenjager's ghost
  2976 | D:3      | Reached skill level 5 in Fighting
  2976 | D:3      | Reached skill level 5 in Maces & Flails
  3045 | D:3      | Found a radiant altar of Vehumet.
  3180 | D:3      | Found an ancient bone altar of Kikubaaqudgha.
  3594 | D:4      | Your scales start taking on a lurid green colour.
  3594 | D:4      | Reached XP level 7. HP: 41/61 MP: 7/7
  3594 | D:4      | Gained mutation: Your system is resistant to poisons. (rPois) [Green Draconian growth]
  3731 | D:4      | Reached **** piety under Trog
  3736 | D:4      | Found Reegae's Antique Armour Shoppe.
  3933 | D:4      | Reached skill level 5 in Dodging
  3975 | D:4      | Bought a cloak for 117 gold pieces
  4161 | D:4      | Found a bloodstained altar of Trog.
  4169 | D:4      | Found a glowing golden altar of the Shining One.
  4395 | D:4      | Reached skill level 6 in Maces & Flails
  4455 | D:4      | Reached XP level 8. HP: 52/71 MP: 8/8
  4506 | D:5      | Entered Level 5 of the Dungeon
  4586 | D:5      | Found a shattered altar of Ashenzari.
  4596 | D:5      | Found a staircase to the Ecumenical Temple.
  4691 | D:5      | Noticed Rrauwl's ghost (novice DrMo)
  4715 | D:5      | Killed Rrauwl's ghost
  4715 | D:5      | Reached skill level 7 in Maces & Flails
  5229 | D:6      | Found an opulent altar of Gozag.
  5232 | D:6      | Found Gozag's Platinum Reserve.
  5338 | D:6      | Noticed a hornet
  5356 | D:6      | HP: 2/111 [hornet (9)]
  5357 | D:6      | Killed a hornet
  5357 | D:6      | Reached XP level 9. HP: 3/81 MP: 9/9
  5361 | D:6      | HP: 2/81 [poisoned by a hornet]
  5367 | D:6      | HP: 2/81 [poisoned by a hornet]
  6222 | D:6      | Found an iron altar of Okawaru.
  6319 | D:6      | Reached ***** piety under Trog
  6319 | D:6      | Reached skill level 8 in Maces & Flails
  6631 | D:7      | Found a shattered altar of Ashenzari.
  6691 | D:7      | Reached skill level 9 in Maces & Flails
  7030 | D:8      | Received a gift from Trog
  7058 | D:8      | Found Voklarig's Assorted Antiques.
  7066 | D:8      | Bought a scroll labeled AZXUKO ZECUZO for 26 gold pieces
  7066 | D:8      | Bought a cyan potion for 23 gold pieces
  7066 | D:8      | Bought 2 scrolls of identify for 104 gold pieces
  7087 | D:8      | Reached skill level 10 in Maces & Flails
  7250 | D:8      | Noticed a komodo dragon
  7252 | D:8      | Noticed a komodo dragon
  7275 | D:8      | Slain by a komodo dragon

Skill      XL: |  1  2  3  4  5  6  7  8  9 |
---------------+----------------------------+-----
Dodging        | 3 4 5 6 7 |  7.2
Maces & Flails | 4 5 6 7 10 | 10.2
Fighting       | 4 5 6 7 8 |  8.4

Action                   |  1- 3 |  4- 6 |  7- 9 || total
-------------------------+-------+-------+-------++-------
Melee: Mace              |   106 |   314 |    37 ||   457
       Tailslap          |     9 |    39 |    57 ||   105
       Flail             |       |       |   213 ||   213
       Dire flail        |       |       |   116 ||   116
Invok: Berserk           |     2 |     4 |     7 ||    13
       Trog's Hand       |       |     1 |     1 ||     2
 Abil: Breathe Noxious F |       |       |     4 ||     4
  Use: Scroll            |       |       |    19 ||    19
 Stab: Sleeping          |       |       |     2 ||     2
       Confused          |       |       |     4 ||     4
  Eat: Chunk             |     3 |    13 |    13 ||    29
       Beef jerky        |       |       |     1 ||     1
       Meat ration       |       |       |     1 ||     1
Armor: Skin              |    41 |    97 |    94 ||   232
Dodge: Dodged            |    82 |   184 |   236 ||   502
